 Dungeon Crawl Stone Soup version 0.29.1-4-g47bece8355 (webtiles) character file.

Game seed: 14903198889722061770

22 firemarshallily the Poker (level 2, 0/23 HPs)
             Began as a Merfolk Gladiator on Dec 7, 2022.
             Constricted to death by a ball python (1 damage)
             ... on level 1 of the Dungeon.
             The game lasted 00:01:53 (986 turns).

firemarshallily the Poker (Merfolk Gladiator)        Turns: 986, Time: 00:01:54

Health: 0/23       AC:  4    Str: 14    XL:     2   Next: 91%
Magic:  2/2        EV: 10    Int:  7    God:
Gold:   21         SH:  0    Dex: 15    Spells: 1/1 levels left

rFire   . . .      SeeInvis .   a - +0 trident
rCold   . . .      Faith    .   (no shield)
rNeg    . . .      Spirit   .   b - +0 leather armour
rPois   .          Reflect  .   c - +0 helmet
rElec   .          Harm     .   (no cloak)
rCorr   .          Rampage  .   (no gloves)
Will    .....                   (no boots)
Stlth   +.........              (no amulet)
HPRegen 0.07/turn               (no ring)
MPRegen 0.08/turn               (no ring)

@: lethally poisoned (0 -> -5), flying, constricted
A: (nimble swimmer 2), mertail
a: no special abilities


You were on level 1 of the Dungeon.
You visited 1 branch of the dungeon, and saw 2 of its levels.

You collected 21 gold pieces.

Inventory:

Hand Weapons
 a - a +0 trident (weapon)
Missiles
 d - 3 throwing nets (quivered)
 e - a javelin
 g - 11 stones
Armour
 b - a +0 leather armour (worn)
 c - a +0 helmet (worn)
Scrolls
 f - 3 scrolls of teleportation {unknown}
 i - a scroll of enchant weapon {unknown}
 j - 2 scrolls of fear {unknown}
 l - a scroll of immolation {unknown}


   Skills:
 * Level 2.8 Fighting
 * Level 4.6 Polearms
 - Level 2.0 Throwing
 + Level 4.3 Dodging


You had one spell level left.
You didn't know any spells.
Your spell library was empty.

Dungeon Overview and Level Annotations

Branches:
Dungeon (2/15)

Altars:


Innate Abilities, Weirdness & Mutations

((You are very nimble when in or above water. (Stealth+, EV+, Speed+++)))
Your lower body shifts to a powerful aquatic tail in water.


Message History

It was a potion of heal wounds.
You feel much better.
You feel very sick. The adder barely misses you. The ball python bites you.
The ball python constricts you. The adder bites you but does no damage.
You closely miss the adder.
The adder is severely wounded.
You feel sick. The ball python barely misses you.
The ball python constricts you. The adder bites you but does no damage.
You hit the adder but do no damage.
The adder is severely wounded.
You feel sick. The adder bites you. The ball python barely misses you.
The ball python constricts you.
You hit the adder.
The adder is almost dead.
You feel sick. The adder misses you. The ball python bites you.
The ball python constricts you. The adder bites you but does no damage.
The ball python completely misses you. The ball python constricts you.
You completely miss the adder.
The adder is almost dead.
You feel sick. The adder closely misses you.
The ball python bites you but does no damage.
The ball python constricts you.
You closely miss the adder.
The adder is almost dead.
You feel sick. The adder barely misses you.
The ball python bites you but does no damage.
The ball python constricts you.
* * * LOW HITPOINT WARNING * * *
The adder bites you.
* * * LOW HITPOINT WARNING * * *
You are more poisoned.
The adder poisons you!
It was a potion of flight.
You feel very buoyant.
You fly up into the air.
* * * LOW HITPOINT WARNING * * *
You feel sick.
The ball python bites you but does no damage.
The ball python constricts you.
You die...

.....'.........รท..#..# #....##..
.....########..##.#..# #....##..
###### #..##.#..# ###.###..
#########..##.#..# #.# #..
#....).###.##.#..######.###..
#......# #..#.#..............
#####......###....#..............
...........'...#S.#..............
########...#####@################
#........S................
#...#####.################ #...#
#....# # ##.## ####.# # #.# #.#
### #.# #.# #..
#.#########.###########.#
#..).....................


You could see an adder and a ball python.

Vanquished Creatures
  A bat (D:1)
  2 endoplasms (D:1)
  A goblin (D:1)
  3 hobgoblins (D:1)
  4 jackals (D:1)
  A quokka (D:1)
  A ball python (D:1)
  2 frilled lizards (D:1)
  2 kobolds (D:1)
  2 rats (D:1)
19 creatures vanquished.

Notes
Turn   | Place    | Note
-------+----------+-------------------------------------------
     0 | D:1      | firemarshallily the Merfolk Gladiator began the quest for
                  | the Orb.
     0 | D:1      | Reached XP level 1. HP: 16/16 MP: 1/1
   152 | D:1      | Reached XP level 2. HP: 23/23 MP: 2/2
   986 | D:1      | HP: 1/23 [poisoned by an adder]
   986 | D:1      | Constricted to death by a ball python

Illustrated notes

Levels and vault maps discovered:
D:1:      dpeg_arrival_boxes_within_box, layout_basic, minmay_pentomino_q2
D:2:      cheibrodos_fertilizer, layout_rooms,
          hellmonk_ecumenical_altar_arch_garden

Action                   || total
-------------------------++-------
Melee: Trident           ||    71
       Punch             ||     1
  Use: Potion            ||     2
Armor: Leather armour    ||    28
Dodge: Dodged            ||    53
